[Event "Team 45 45 League T36"]
[Site "Internet Chess Club"]
[Date "2008.02.02"]
[Round "2"]
[White "charles-allen"]
[Black "crankn8tr"]
[Result "1-0"]
[WhiteElo "1819"]
[BlackElo "1707"]
[Opening "Blackmar gambit"]
[ECO "B01"]
[Time "21:03:17"]
[TimeControl "2700+45"]

1. e4 d5 2. d4 dxe4 3. Nc3 Nf6 4. f3 exf3 5. Nxf3 Bg4 6. Bc4 e6 7. O-O Be7 8.
Qd3 Bf5 9. Qe2 O-O 10. Bg5 Nbd7 11. Rae1 c6 12. Nh4 Bg4 13. Qe3 Nd5 14. Bxe7
Nxe3 15. Bxd8 Nxc4 16. Be7 Rfe8 17. b3 Rxe7 18. bxc4 Nb6 19. c5 Nd5 20. Nxd5
cxd5 21. h3 Bh5 22. Rf5 Bg6 23. Nxg6 hxg6 24. Rxd5 Kf8 25. Rde5 Rd8 26. R5e4 Rd5
27. c4 Rdd7 28. d5 exd5 29. Rxe7 Rxe7 30. Rxe7 Kxe7 31. cxd5 Kf6 32. Kf2 Ke5 33.
d6 Ke6 34. Ke3 b6 35. Kd4 f6 36. Kc4 bxc5 37. Kxc5 f5 38. Kc6 {Black resigns}
1-0

[Event "Team 45 45 League T36"]
[Site "Internet Chess Club"]
[Date "2008.02.04"]
[Round "2"]
[White "chsrules88"]
[Black "PandorasBox"]
[Result "0-1"]
[WhiteElo "2018"]
[BlackElo "2000"]
[Opening "Scandinavian defense"]
[ECO "B01"]
[Time "15:27:17"]
[TimeControl "2700+45"]

1. e4 d5 2. exd5 Nf6 3. d4 Bg4 4. Be2 Bxe2 5. Qxe2 Qxd5 6. Nf3 e6 7. O-O Nc6 8.
Nc3 Qh5 9. Qb5 Qxb5 10. Nxb5 O-O-O 11. Bf4 a6 12. a4 Be7 13. Rfd1 Nd5 14. Bg3
axb5 15. axb5 Nb8 16. c4 Nf6 17. Ra8 Nh5 18. c5 Nxg3 19. hxg3 Bf6 20. b4 Rd5 21.
b6 g5 22. g4 h5 23. gxh5 g4 24. Ne1 Bxd4 25. Kf1 g3 26. fxg3 Rhxh5 27. Ke2 Rhe5+
28. Kf3 Re3+ 29. Kg4 f5+ 30. Kf4 Re4+ 31. Kf3 cxb6 32. cxb6 Bxb6 33. Rc1+ Bc7
34. b5 Rxb5 35. Ra3 Nc6 36. Rd1 Ne5+ 37. Kf2 Bb6+ 38. Kf1 Ng4 39. Ra8+ Kc7 40.
Rc1+ Rc5 41. Rb1 Rc2 42. Nf3 Rf2+ 43. Kg1 Rb2+ 44. Kh1 Rxb1+ 45. Ng1 Rxg1#
{White checkmated} 0-1

[Event "Team 45 45 League T36"]
[Site "Internet Chess Club"]
[Date "2008.02.03"]
[Round "2"]
[White "fishhead"]
[Black "SuperPeon"]
[Result "0-1"]
[WhiteElo "1929"]
[BlackElo "2022"]
[Opening "Pirc: Austrian attack, dragon formation"]
[ECO "B07"]
[Time "19:01:33"]
[TimeControl "2700+45"]

1. e4 d6 2. f4 Nf6 3. Nc3 g6 4. Nf3 Bg7 5. d4 c5 6. Be3 cxd4 7. Nxd4 O-O 8. Qd2
Ng4 9. Bg1 e5 10. Ndb5 exf4 11. Qxf4 Bh6 12. Qg3 Qg5 13. Rd1 Nc6 14. h3 Ne3 15.
Qxg5 Bxg5 16. Bxe3 Bxe3 17. Nxd6 Be6 18. Nd5 Bg5 19. Bc4 Bh4+ 20. Ke2 Rad8 21.
Nf4 Rxd6 22. Nxe6 Rxe6 23. Bxe6 fxe6 24. Rhf1 Bf6 25. c3 Ne5 26. Rd4 Kf7 27.
Rfd1 Ke7 28. Rb4 Rb8 29. a4 a6 30. Rbd4 Rc8 31. Rb4 Rb8 32. Rbd4 Ke8 33. Rd6 Ke7
34. R6d4 Rc8 35. Rb4 Rc7 36. g3 Nc6 37. Rc4 Be5 38. Kf3 Bd6 39. Kg2 b5 40. axb5
axb5 41. e5 Bxe5 42. Rc5 b4 43. cxb4 Bd6 44. Rc4 Nxb4 45. Rxc7+ Bxc7 46. Kf3 Nd5
47. g4 Be5 48. b3 Bf6 49. Ra1 Bxa1 {White resigns} 0-1

[Event "Team 45 45 League T36"]
[Site "Internet Chess Club"]
[Date "2008.02.02"]
[Round "2"]
[White "Atwode"]
[Black "MaunaKeaMike"]
[Result "1/2-1/2"]
[WhiteElo "1997"]
[BlackElo "1794"]
[Opening "English: Torre defensive system"]
[ECO "A12"]
[Time "11:01:56"]
[TimeControl "2700+45"]

1. Nf3 d5 2. c4 c6 3. b3 Nf6 4. g3 Bg4 5. Bg2 Bxf3 6. Bxf3 e5 7. cxd5 cxd5 8.
Bb2 Nc6 9. O-O Be7 10. d3 O-O 11. Nd2 Rc8 12. Rc1 Re8 13. a3 Qd7 14. Rc2 Nd4 15.
Rxc8 Rxc8 16. Bg2 Bd6 17. Nf3 Nxf3+ 18. Bxf3 Qc7 19. Qa1 Qe7 20. Rc1 Rxc1+ 21.
Qxc1 Qc7 22. Qxc7 Bxc7 23. e3 Kf8 24. Kf1 Ke7 25. Ke2 Bd6 26. b4 Kd7 27. Kd2 Kc6
28. Kc3 Kb5 29. Kb3 Kc6 30. h3 b5 31. g4 g5 32. Bg2 Nd7 33. d4 f6 34. e4 Nb6 35.
exd5+ Nxd5 36. a4 a6 37. axb5+ axb5 38. dxe5 Bxe5 39. Bc1 Kd6 40. Bf1 Nc7 41.
Be3 Kc6 42. Bd3 h6 43. Be4+ Nd5 44. Bc5 Bd6 45. Be3 {Game drawn by mutual
agreement} 1/2-1/2

[Event "Team 45 45 League T36"]
[Site "Internet Chess Club"]
[Date "2008.02.02"]
[Round "2"]
[White "Mater"]
[Black "netshooter"]
[Result "0-1"]
[WhiteElo "1724"]
[BlackElo "1842"]
[Opening "Nimzo-Indian: classical, 4...c5"]
[ECO "E38"]
[Time "21:02:50"]
[TimeControl "2700+45"]

1. d4 Nf6 2. c4 e6 3. Nc3 Bb4 4. Qc2 c5 5. dxc5 Bxc5 6. Nf3 Qb6 7. e3 Qc7 8. Bd3
a6 9. O-O Be7 10. b3 d6 11. Bb2 Nbd7 12. Ne4 h6 13. Rad1 b6 14. h3 Bb7 15. Nxf6+
Nxf6 16. Nh2 O-O 17. e4 Rac8 18. Qe2 Qc5 19. Ng4 Nh7 20. Nxh6+ gxh6 21. Bc1 Bg5
22. Qg4 Nf6 23. Qg3 Kh8 24. Bb2 e5 25. h4 Bf4 26. Qf3 Rg8 27. g3 Rxg3+ {White
resigns} 0-1

[Event "Team 45 45 League T36"]
[Site "Internet Chess Club"]
[Date "2008.02.01"]
[Round "2"]
[White "sra66"]
[Black "Tomate"]
[Result "1-0"]
[WhiteElo "1489"]
[BlackElo "1448"]
[Opening "QGD semi-Slav"]
[ECO "D43"]
[Time "19:57:06"]
[TimeControl "2700+45"]

1. d4 d5 2. c4 e6 3. Nc3 c6 4. Nf3 Nf6 5. Bg5 Be7 6. Qc2 O-O 7. e3 Nbd7 8. Bd3
g6 9. O-O Re8 10. e4 dxe4 11. Nxe4 Nxe4 12. Bxe7 Qxe7 13. Bxe4 Nf6 14. Ne5 Rb8
15. Rad1 Qb4 16. Rfe1 Nxe4 17. Rxe4 Qe7 18. g4 f6 19. Nd3 f5 20. gxf5 Qg5+ 21.
Kh1 Qxf5 22. Ne5 Rf8 23. f3 Re8 24. Qd2 Re7 25. Qe3 Rc7 26. Rg1 Rg7 27. Ng4 Qf8
28. Rf4 Qe7 29. Qe5 Ra8 30. Nh6+ Kh8 31. Nf7+ Kg8 32. Nh6+ Kh8 33. Rgg4 Bd7 34.
Rf7 Qxf7 35. Nxf7+ Kg8 36. Rf4 Rxf7 37. Rxf7 Kxf7 38. Qc7 Ke7 39. Qxb7 Rf8 40.
Qb4+ Kf7 41. Qd6 Ke8 42. Kg2 Rf5 43. Qb8+ Ke7 44. Qxa7 h5 45. Qa3+ Ke8 46. b4 g5
47. Qc3 g4 48. fxg4 hxg4 49. a4 Bc8 50. c5 Ba6 51. Qg3 Be2 52. Qe3 Bc4 53. Qc1
Bd5+ 54. Kg3 Bf3 55. a5 Rh5 56. a6 Rh3+ 57. Kf4 Rxh2 58. Qa1 Rf2 59. a7 Be2+ 60.
Kg3 Rf3+ 61. Kh4 Rh3+ 62. Kg5 g3 63. a8=Q+ Ke7 64. Q1a7# {Black checkmated} 1-0

[Event "Team 45 45 League T36"]
[Site "Internet Chess Club"]
[Date "2008.02.02"]
[Round "2"]
[White "Visin"]
[Black "slakkjaw"]
[Result "0-1"]
[WhiteElo "1372"]
[BlackElo "1384"]
[Opening "Three knights game"]
[ECO "C46"]
[Time "15:21:40"]
[TimeControl "2700+45"]

1. e4 e5 2. Nf3 Nc6 3. Nc3 Bb4 4. d4 Bxc3+ 5. bxc3 d5 6. Bd3 Nge7 7. h3 O-O 8.
O-O Be6 9. Bb2 Ng6 10. Bc1 Qd7 11. Ng5 exd4 12. Nxe6 Qxe6 13. exd5 Qxd5 14. Be2
Nh4 15. f3 Rad8 16. c4 Qc5 17. Kh1 Nf5 18. Bf4 Ne3 19. Bxe3 dxe3 20. Qc1 Rfe8
21. Rd1 Nd4 22. Bd3 f5 23. c3 Ne6 24. Rb1 b6 25. Rb5 Qc6 26. Rxf5 Nc5 27. Be2
Qh6 28. Rfd5 Ne6 29. Rxd8 Nxd8 30. Rd7 Ne6 31. Qa3 Nf4 32. Qb2 Qg5 33. g4 Nxh3
34. c5 Qh4 35. Bc4+ Kh8 36. Qh2 Qe1+ 37. Kg2 Ng5 38. Qg1 Qxg1+ 39. Kxg1 Nxf3+
40. Kg2 Ne5 41. Rd4 Nxc4 42. Rxc4 e2 {White resigns} 0-1

[Event "Team 45 45 League T36"]
[Site "Internet Chess Club"]
[Date "2008.02.03"]
[Round "2"]
[White "BosqueVerde"]
[Black "Dalcon"]
[Result "1-0"]
[WhiteElo "1193"]
[BlackElo "1282"]
[Opening "QGD: 4.Bg5"]
[ECO "D50"]
[Time "12:00:00"]
[TimeControl "2700+45"]

1. d4 d5 2. c4 e6 3. Nc3 Nf6 4. Bg5 Bb4 5. Qc2 O-O 6. Nf3 c6 7. cxd5 cxd5 8. e3
Nc6 9. Bd3 Be7 10. a3 a6 11. Bxf6 Bxf6 12. Bxh7+ Kh8 13. Bd3 e5 14. dxe5 Nxe5
15. Nxe5 Bxe5 16. O-O g6 17. f4 Bg7 18. Rad1 f5 19. Rf3 b5 20. Qb3 Be6 21. Rh3+
Kg8 22. Be2 Bxc3 23. Qxc3 Qf6 24. Qxf6 Rxf6 25. Rc1 Rc8 26. Rxc8+ Bxc8 27. b4
Rc6 28. Bf3 Be6 29. Kf2 Rc3 30. Rg3 Kg7 31. Bd1 Rxa3 32. e4 Ra1 33. exd5 Bxd5
34. Rd3 Bc4 35. Rd7+ Bf7 36. Bb3 Rb1 37. Bxf7 Rxb4 38. Be8+ Kh6 39. Rd6 Rxf4+
40. Kg3 Rg4+ 41. Kf3 Kh5 42. Rxa6 b4 43. Rb6 Kh6 44. h3 Rc4 45. Rxg6+ Kh5 46.
Rc6+ {Black resigns} 1-0

[Event "Team 45 45 League T36"]
[Site "Internet Chess Club"]
[Date "2008.01.31"]
[Round "2"]
[White "rpgrossman"]
[Black "jocooper"]
[Result "1-0"]
[WhiteElo "1150"]
[BlackElo "1183"]
[Opening "Réti: King's Indian attack"]
[ECO "A05"]
[Time "22:06:43"]
[TimeControl "2700+45"]

1. Nf3 Nf6 2. g3 g6 3. c4 Bg7 4. Bg2 O-O 5. O-O d6 6. e3 c5 7. d3 Nc6 8. Nc3 Bg4
9. h3 Bd7 10. d4 cxd4 11. Nxd4 Nxd4 12. Qxd4 e5 13. Qxd6 Re8 14. Bxb7 Bf8 15.
Qd1 Bxh3 16. Bxa8 Bxf1 17. Qxd8 Rxd8 18. Kxf1 Rxa8 19. Nd5 Ne4 20. b3 Rd8 21.
Bb2 Bg7 22. f4 Nxg3+ 23. Kg2 Nf5 24. Bxe5 Bxe5 25. fxe5 Kf8 26. Rh1 h5 27. Nf4
Rd2+ 28. Kf3 Rxa2 29. c5 Ne7 30. Rc1 Nc6 31. e6 Ne5+ 32. Ke4 f6 33. c6 Nxc6 34.
Rxc6 f5+ 35. Ke5 Ke7 36. Nxg6+ Kd8 37. e7+ Kd7 38. Rd6+ {Black resigns} 1-0

[Event "Team 45 45 League T36"]
[Site "Internet Chess Club"]
[Date "2008.02.04"]
[Round "2"]
[White "uipawn"]
[Black "beerss"]
[Result "0-1"]
[WhiteElo "1374"]
[BlackElo "1437"]
[Opening "Scandinavian defense"]
[ECO "B01"]
[Time "20:02:13"]
[TimeControl "2700+45"]

1. e4 d5 2. exd5 Nf6 3. Bc4 Nxd5 4. Bxd5 Qxd5 5. Nf3 Bg4 6. h3 Bxf3 7. Qxf3 Qxf3
8. gxf3 Nc6 9. Nc3 O-O-O 10. d3 e6 11. Be3 Bb4 12. Bd2 Nd4 13. O-O-O Bxc3 14.
Bxc3 Ne2+ 15. Kb1 Nxc3+ 16. bxc3 Rd6 17. c4 Rb6+ 18. Ka1 Rd8 19. Rb1 Rxb1+ 20.
Kxb1 Rd4 21. Rg1 Rf4 22. Rxg7 Rxf3 23. Rxh7 Rxf2 24. Rxf7 Rxf7 25. Kc1 Rf1+ 26.
Kd2 Rh1 27. Ke3 Rxh3+ 28. Ke4 Kd7 29. Kd4 Rh2 30. Kc3 a5 31. a4 b6 32. Kb3 c5
33. Kc3 e5 34. Kb2 Ke6 35. Kb3 Kf5 36. c3 Kf4 37. d4 exd4 38. cxd4 Rh3+ 39. Kc2
cxd4 40. Kd2 Ke4 41. Ke2 Rc3 {White resigns} 0-1

[Event "Team 45 45 League T36"]
[Site "Internet Chess Club"]
[Date "2008.02.03"]
[Round "2"]
[White "theartist"]
[Black "Mfalme"]
[Result "0-1"]
[WhiteElo "1184"]
[BlackElo "1302"]
[Opening "QGA: 3.e4"]
[ECO "D20"]
[Time "10:02:01"]
[TimeControl "2700+45"]

1. d4 d5 2. c4 dxc4 3. e4 e6 4. Bxc4 Nc6 5. Nf3 Nf6 6. Nc3 Bb4 7. O-O O-O 8. e5
Nd5 9. Nxd5 exd5 10. Bd3 h6 11. Be3 Be6 12. a3 Ba5 13. b4 Bb6 14. Qd2 Bg4 15.
Be2 Qe7 16. h3 Bh5 17. Rac1 Qe6 18. Nh2 Bg6 19. f4 Rac8 20. g4 Be4 21. f5 Qe7
22. f6 gxf6 23. Rxf6 a6 24. Bxh6 Bxd4+ 25. Kf1 Qxe5 26. Rf4 Rfe8 27. Re1 Be3 28.
Qxe3 Bg2+ 29. Kxg2 Qxe3 30. Rf3 Qxh6 31. Ref1 Nd4 32. Rxf7 Rxe2+ 33. Kg1 Qxh3
{White resigns} 0-1

[Event "Team 45 45 League T36"]
[Site "Internet Chess Club"]
[Date "2008.02.03"]
[Round "2"]
[White "gsloan"]
[Black "king4aknight"]
[Result "1-0"]
[WhiteElo "1268"]
[BlackElo "1011"]
[Opening "Petrov: Italian variation"]
[ECO "C42"]
[Time "11:37:18"]
[TimeControl "2700+45"]

1. e4 e5 2. Nf3 Nf6 3. Bc4 d6 4. Qe2 Bg4 5. O-O Qd7 6. Qe3 h6 7. c3 Qc6 8. d3
Nxe4 9. Qxe4 Qxe4 10. dxe4 Nd7 11. Be3 Nf6 12. Nbd2 Be7 13. h3 Bd7 14. Rad1 O-O
15. Nh4 d5 16. exd5 c6 17. dxc6 bxc6 18. Bd3 Nd5 19. Nf5 Rab8 20. Nxe7+ Nxe7 21.
b4 Be6 22. Bc4 Bd7 23. Bxa7 Ra8 24. Bc5 Rfe8 25. Ne4 Ng6 26. Rxd7 Nf4 27. Bxf7+
Kh7 28. Bxe8 Rxe8 29. Nf6+ {Black resigns} 1-0

[Event "Team 45 45 League T36"]
[Site "Internet Chess Club"]
[Date "2008.02.03"]
[Round "2"]
[White "Qualm"]
[Black "Ghashgork"]
[Result "1/2-1/2"]
[WhiteElo "1682"]
[BlackElo "1631"]
[Opening "Sicilian: Smith-Morra gambit"]
[ECO "B21"]
[Time "05:05:50"]
[TimeControl "2700+45"]

1. e4 c5 2. d4 cxd4 3. c3 g6 4. cxd4 d5 5. e5 Bg7 6. Bd3 Nc6 7. Ne2 Nh6 8. O-O
Nf5 9. Na3 Nfxd4 10. Nxd4 Nxd4 11. Bxg6 Nc6 12. Bh5 Bxe5 13. Bxf7+ Kxf7 14. Qh5+
Kg8 15. Bh6 e6 16. Rfe1 Bg7 {Game drawn by mutual agreement} 1/2-1/2

[Event "Team 45 45 League T36"]
[Site "Internet Chess Club"]
[Date "2008.02.02"]
[Round "2"]
[White "jacknor"]
[Black "Freidenker"]
[Result "1-0"]
[WhiteElo "1678"]
[BlackElo "1637"]
[Opening "French: King's Indian attack"]
[ECO "C00"]
[Time "15:11:13"]
[TimeControl "2700+45"]

1. e4 e6 2. d3 d5 3. Qe2 dxe4 4. dxe4 Bd7 5. Nf3 Bc6 6. Nc3 Bb4 7. Bd2 Nd7 8. a3
Bxc3 9. Bxc3 Ngf6 10. e5 Nd5 11. Bd2 O-O 12. Nd4 Nb8 13. Nxc6 Nxc6 14. g3 Nde7
15. Bg2 Nd4 16. Qd3 c6 17. O-O-O Ndf5 18. Bb4 Qxd3 19. Rxd3 Rfd8 20. Rhd1 Rxd3
21. Rxd3 a5 22. Bc5 Ng6 23. f4 Nfe7 24. Rd7 Kf8 {Black resigns} 1-0

[Event "Team 45 45 League T36"]
[Site "Internet Chess Club"]
[Date "2008.01.31"]
[Round "2"]
[White "crazynights"]
[Black "quotha"]
[Result "1-0"]
[WhiteElo "1480"]
[BlackElo "1581"]
[Opening "Sicilian: Scheveningen (Paulsen), classical variation"]
[ECO "B84"]
[Time "16:58:30"]
[TimeControl "2700+45"]

1. e4 c5 2. Nf3 d6 3. d4 cxd4 4. Nxd4 Nf6 5. Nc3 a6 6. Be2 e6 7. Be3 Be7 8. f3
O-O 9. a4 e5 10. Nb3 Be6 11. Qd2 Bxb3 12. cxb3 Nc6 13. O-O Rc8 14. Nd5 Nxd5 15.
exd5 Na5 16. Qb4 Rc5 17. Bxc5 dxc5 18. Qc3 Qb6 19. Bc4 Bf6 20. Qe3 e4 21. Kh1
Bd4 22. Qxe4 Nxb3 23. Bxb3 Qxb3 24. d6 Qe6 25. Qxb7 Qxd6 26. Rab1 Rb8 27. Qe4 g6
28. b3 a5 29. Rfd1 Qf6 30. Qd3 h5 31. Qc4 h4 32. Rf1 Re8 33. Rbe1 Rxe1 34. Rxe1
h3 35. Qf1 hxg2+ 36. Qxg2 Kg7 37. Qe2 Bc3 38. Rf1 Qf4 39. Qe4 Qd2 40. Qc4 Bb4
41. Qc1 Qd3 42. Qb1 Qe2 43. Qd1 Qb2 44. Qa1 Qxa1 45. Rxa1 Kf6 46. Rc1 Ke5 47.
Rc4 g5 48. Kg2 f5 49. Kf2 Kd5 50. f4 Bd2 51. fxg5 Bxg5 52. Kf3 Bf6 53. h3 Bd4
54. Kf4 Ke6 55. Rc2 Be5+ 56. Kf3 Bd4 57. Re2+ Kf6 58. Kf4 Bc3 59. Re8 Bd2+ 60.
Re3 Bxe3+ 61. Kxe3 Kg5 62. Kf3 {Black resigns} 1-0

[Event "Team 45 45 League T36"]
[Site "Internet Chess Club"]
[Date "2008.02.03"]
[Round "2"]
[White "john-beebs"]
[Black "Visin"]
[Result "0-1"]
[WhiteElo "1545"]
[BlackElo "1367"]
[Opening "Four knights: Spanish variation"]
[ECO "C48"]
[Time "14:31:29"]
[TimeControl "2700+45"]

1. e4 e5 2. Nf3 Nc6 3. Nc3 Nf6 4. Bb5 d6 5. d4 Bg4 6. d5 a6 7. Ba4 b5 8. Nxb5
axb5 9. Bxb5 Bd7 10. dxc6 Bg4 11. h3 Bh5 12. Qd3 Be7 13. Nh4 d5 14. Nf5 dxe4 15.
Qxd8+ Rxd8 16. Nxg7+ Kf8 17. Bh6 Kg8 18. O-O Bg6 19. Be2 Bf8 20. Rad1 Rb8 21.
Nh5 Bxh5 22. Bxh5 Bxh6 23. Be2 Bf8 24. b3 Be7 25. c4 Rb6 26. g4 Rxc6 27. g5 Ne8
28. h4 Rd6 29. Rd5 Rxd5 30. cxd5 h6 31. f4 exf4 32. Rxf4 hxg5 33. Rxe4 Bc5+ 34.
Kg2 Nd6 35. Rg4 Rxh4 36. Rxg5+ Kf8 37. Bd3 Rd4 38. Bh7 Rd2+ 39. Kf3 Rxa2 40. Rg2
Rxg2 41. Kxg2 Nb5 42. Kg3 Nd4 43. Kf4 Nxb3 44. Be4 Nd2 45. Bg2 Ke7 46. Ke5 Nb1
47. Ke4 Kd6 48. Kd3 Na3 49. Kc3 Nb5+ 50. Kc4 Na7 51. Bf3 Nc8 52. Kb5 Ne7 53. Kc4
c6 54. dxc6 Nxc6 55. Bg2 Ne5+ 56. Kc3 f5 57. Kd2 Ke6 58. Ke2 f4 59. Bh3+ Kf6 60.
Bg2 Kg5 61. Bf3 Nxf3 62. Kxf3 Bb6 63. Ke2 Kg4 64. Ke1 Kg3 65. Kf1 f3 66. Ke1 Kg2
{White resigns} 0-1

[Event "Team 45 45 League T36"]
[Site "Internet Chess Club"]
[Date "2008.02.02"]
[Round "2"]
[White "Ziah"]
[Black "KrutoyChelovek"]
[Result "1-0"]
[WhiteElo "1503"]
[BlackElo "1530"]
[Opening "Ruy Lopez: Cozio defense"]
[ECO "C60"]
[Time "22:20:35"]
[TimeControl "2700+45"]

1. e4 e5 2. Nf3 Nc6 3. Bb5 Nge7 4. O-O a6 5. Ba4 b5 6. Bb3 Ng6 7. c3 d6 8. h3
Be7 9. Re1 Be6 10. Bxe6 fxe6 11. d4 exd4 12. Nxd4 Nxd4 13. cxd4 O-O 14. Re3 Qd7
15. Rf3 Rxf3 16. Qxf3 Qc6 17. Nc3 Rf8 18. Qd1 b4 19. d5 exd5 20. Nxd5 Qc5 21.
Qb3 Qxf2+ 22. Kh1 Bh4 23. Be3 Qg3 24. Ne7+ Kh8 25. Nf5 Bg5 26. Nxg3 Bh4 27. Nf5
Re8 28. Bd4 h6 29. Bxg7+ Kh7 30. Qf7 Rg8 31. Bc3+ Rg7 32. Qxg7# {Black
checkmated} 1-0

[Event "Team 45 45 League T36"]
[Site "Internet Chess Club"]
[Date "2008.02.02"]
[Round "2"]
[White "sra66"]
[Black "tryanything"]
[Result "0-1"]
[WhiteElo "1481"]
[BlackElo "1685"]
[Opening "QGD: Albin counter-gambit"]
[ECO "D08"]
[Time "17:14:07"]
[TimeControl "2700+45"]

1. d4 d5 2. c4 e5 3. dxe5 d4 4. e3 Bb4+ 5. Bd2 Bxd2+ 6. Qxd2 dxe3 7. Qxe3 Ne7 8.
Nf3 O-O 9. Be2 Nbc6 10. O-O Ng6 11. Nbd2 Re8 12. Rad1 Ncxe5 13. Nxe5 Nxe5 14.
Qc3 Qe7 15. f4 Ng4 16. Bxg4 Bxg4 17. Nf3 Qc5+ 18. Kh1 Re3 19. Qc1 Bxf3 20. Rxf3
Rxf3 21. gxf3 h6 22. b3 Re8 23. Rg1 Qf2 24. Qc3 g6 25. a3 Re2 {White resigns}
0-1

[Event "Team 45 45 League T36"]
[Site "Internet Chess Club"]
[Date "2008.02.03"]
[Round "2"]
[White "nathesh"]
[Black "AndersO"]
[Result "0-1"]
[WhiteElo "1451"]
[BlackElo "1427"]
[Opening "Scandinavian (center counter) defense"]
[ECO "B01"]
[Time "17:34:41"]
[TimeControl "2700+45"]

1. e4 d5 2. exd5 Qxd5 3. Nc3 Qa5 4. Bc4 Nf6 5. Nge2 Bf5 6. d4 c6 7. O-O e6 8.
Bf4 Nbd7 9. Re1 Be7 10. Ng3 Bg6 11. a3 O-O 12. b4 Qd8 13. Qd2 Nb6 14. Bb3 Nbd5
15. Be3 Rc8 16. Na4 b6 17. c4 Nxe3 18. fxe3 Ne4 19. Nxe4 Bxe4 20. c5 b5 21. Nc3
Bg6 22. Rad1 Bf6 23. a4 a6 24. Ne2 Re8 25. Nf4 Be4 26. Ra1 Ra8 27. Ra2 e5 28.
Nd3 Bxd3 29. Qxd3 exd4 30. exd4 Rxe1+ 31. Kf2 Re7 32. Rd2 Rd7 33. Kf3 Rxd4
{White resigns} 0-1

[Event "Team 45 45 League T36"]
[Site "Internet Chess Club"]
[Date "2008.02.03"]
[Round "2"]
[White "archae13"]
[Black "Fineas-Fogg"]
[Result "0-1"]
[WhiteElo "1393"]
[BlackElo "1393"]
[Opening "Ruy Lopez: Schliemann defense, Berger variation"]
[ECO "C63"]
[Time "19:54:06"]
[TimeControl "2700+45"]

1. e4 e5 2. Nf3 Nc6 3. Bb5 f5 4. Nc3 fxe4 5. Nxe4 Nf6 6. Nxf6+ Qxf6 7. O-O Be7
8. d3 O-O 9. c3 d5 10. d4 e4 11. Ne5 Nxe5 12. dxe5 Qxe5 13. Be3 Bd6 14. g3 d4
15. Bxd4 Qxb5 16. Qd2 Be5 17. Qg5 Re8 18. f4 h6 19. Qh5 Bxd4+ {White resigns}
0-1

[Event "Team 45 45 League T36"]
[Site "Internet Chess Club"]
[Date "2008.02.01"]
[Round "2"]
[White "seldredg"]
[Black "civilization"]
[Result "0-1"]
[WhiteElo "1308"]
[BlackElo "1528"]
[Opening "English opening"]
[ECO "A10"]
[Time "19:32:40"]
[TimeControl "2700+45"]

1. c4 d5 2. cxd5 Qxd5 3. Nc3 Qh5 4. d4 Nf6 5. g3 Nc6 6. Bf4 Qa5 7. a3 e6 8. Bg2
Qb6 9. Bxc6+ Qxc6 10. Nf3 Be7 11. O-O O-O 12. Rc1 Qd7 13. Ne5 Qe8 14. e4 Bd6 15.
Qb3 a6 16. Qd1 b6 17. b4 Bb7 18. Re1 Nd7 19. Qg4 Nf6 20. Qh3 Rc8 21. Rb1 Ra8 22.
g4 Nd7 23. Nxd7 Qxd7 24. e5 Be7 25. Red1 Qc6 26. d5 Qc4 27. d6 Qxf4 28. dxe7
Rfe8 29. Rd7 Qxe5 30. Rbd1 Qf6 31. Rxc7 Rxe7 32. Qd3 Rxc7 33. Ne4 Bxe4 34. Qxe4
Rd8 {White resigns} 0-1

[Event "Team 45 45 League T36"]
[Site "Internet Chess Club"]
[Date "2008.02.03"]
[Round "2"]
[White "EyeAm"]
[Black "carolinaknight"]
[Result "1/2-1/2"]
[WhiteElo "1335"]
[BlackElo "1324"]
[Opening "French: exchange variation"]
[ECO "C01"]
[Time "13:59:26"]
[TimeControl "2700+45"]

1. e4 e6 2. d4 d5 3. exd5 exd5 4. c4 Nf6 5. Nf3 c6 6. Nc3 Be7 7. Be2 Be6 8. Qb3
Qc7 9. O-O Nbd7 10. Bg5 O-O 11. Rfe1 Rfe8 12. Rac1 h6 13. Bh4 Nb6 14. cxd5 Nbxd5
15. Bg3 Nf4 16. Bc4 Bxc4 17. Qxc4 b5 18. Qb3 Bd6 19. Nxb5 Qd7 20. Nxd6 Qxd6 21.
Qc3 Rac8 22. Rxe8+ Rxe8 23. Qxc6 Ne2+ 24. Kf1 Nxg3+ 25. hxg3 Qd8 26. Qc7 Qa8 27.
Ne5 Rf8 28. Qc6 Qb8 29. Qc7 Qxb2 30. Qc4 Ne4 31. Nd3 Nd2+ 32. Ke1 Re8+ 33. Kd1
Nxc4 34. Nxb2 Nxb2+ 35. Kd2 Re7 36. Kc3 Na4+ 37. Kd3 Rb7 38. Ke3 Re7+ 39. Kd3
Nb2+ 40. Kc3 Na4+ 41. Kd3 Nb2+ 42. Kd2 Rd7 43. Kc3 Na4+ 44. Kd3 Rb7 45. Rc2 Kh7
46. f4 f6 47. g4 g6 48. g3 g5 49. f5 Rd7 50. Kc4 Nb6+ 51. Kd3 Nd5 52. a3 Re7 53.
Re2 Rb7 54. Kc4 Nb6+ 55. Kc5 Rc7+ 56. Kd6 Rd7+ 57. Kc5 Rd5+ 58. Kc6 Rxd4 59.
Re7+ Kg8 60. Rxa7 Na4 61. Ra8+ Kg7 62. Ra7+ Kg8 63. Ra8+ Kg7 64. Ra7+ Kg8 65.
Ra8+ {Game drawn by repetition} 1/2-1/2

[Event "Team 45 45 League T36"]
[Site "Internet Chess Club"]
[Date "2008.01.31"]
[Round "2"]
[White "WzeroMN"]
[Black "Hastings"]
[Result "0-1"]
[WhiteElo "1133"]
[BlackElo "1284"]
[Opening "Ruy Lopez: Berlin defense, 4.O-O, d6"]
[ECO "C66"]
[Time "16:13:47"]
[TimeControl "2700+45"]

1. e4 e5 2. Nf3 Nc6 3. Bb5 d6 4. O-O Nf6 5. Re1 Be7 6. d3 O-O 7. Bg5 Re8 8. Nc3
a6 9. Ba4 b5 10. Bb3 Na5 11. Bxf6 Bxf6 12. Nd5 Nxb3 13. Nxf6+ Qxf6 14. axb3 Bg4
15. Re3 c6 16. Qd2 h5 17. h3 Bd7 18. Re2 Qg6 19. Qg5 Qxg5 20. Nxg5 a5 21. Nf3 a4
22. bxa4 Rxa4 23. Rxa4 bxa4 24. Re1 Rb8 25. Rb1 Be6 26. Nd2 Ba2 27. Ra1 Rxb2 28.
Rc1 f6 29. Kf1 Kf7 30. Ke1 Ke6 31. c4 a3 32. Kd1 d5 33. exd5+ cxd5 34. c5 Kd7
35. c6+ Kc7 36. f3 f5 37. g3 g5 38. Ke1 e4 39. fxe4 dxe4 40. dxe4 fxe4 41. Ke2
Bb1 42. Ke1 Rxd2 43. Rc5 a2 44. Ra5 Rh2 45. Ra7+ Kxc6 46. Ra6+ Kb7 47. Ra5 Kb6
48. Ra3 Rxh3 49. Rb3+ Kc5 50. Kd1 Rh1+ {White resigns} 0-1

[Event "Team 45 45 League T36"]
[Site "Internet Chess Club"]
[Date "2008.02.02"]
[Round "2"]
[White "MeansToAnEnd"]
[Black "PsyMar"]
[Result "1-0"]
[WhiteElo "920"]
[BlackElo "1076"]
[Opening "King's Indian defense, 3.Nc3"]
[ECO "E61"]
[Time "14:50:32"]
[TimeControl "2700+45"]

1. d4 Nf6 2. c4 g6 3. Nc3 Bg7 4. g3 e5 5. dxe5 Ng4 6. Nh3 Nxe5 7. Bg2 Nxc4 8. b3
Bxc3+ 9. Bd2 Bxa1 10. Qxa1 Na3 11. Qxh8+ Ke7 12. Bg5+ f6 13. Qxd8+ Kxd8 14.
Bxf6+ Ke8 15. O-O Nc6 16. Ng5 Nb4 17. Bb2 Nac2 18. Rc1 d6 19. a3 Bg4 20. axb4
Nxb4 21. Rxc7 Bxe2 22. Rxb7 Nd3 23. Rxh7 Nxb2 24. Bxa8 a5 25. Ne6 Bb5 26. h4 Bd7
27. Nc7+ Kd8 28. Nd5 Be6 29. Ne7 Bxb3 30. Nxg6 Bc2 31. f4 Bxg6 32. Rh6 Bf5 33.
Rxd6+ Kc7 34. Rd5 a4 35. Rxf5 a3 36. Ra5 Nc4 37. Ra4 Kb6 38. Rxc4 a2 39. Rc1 Kb5
40. Ra1 {Black resigns} 1-0

[Event "Team 45 45 League T36"]
[Site "Internet Chess Club"]
[Date "2008.02.04"]
[Round "2"]
[White "Mutaant"]
[Black "kinchknifeblade"]
[Result "1-0"]
[WhiteElo "1464"]
[BlackElo "1379"]
[Opening "Sicilian"]
[ECO "B50"]
[Time "17:02:54"]
[TimeControl "2700+45"]

1. e4 c5 2. Nf3 d6 3. Bc4 Nf6 4. Nc3 a6 5. d3 Nc6 6. a3 Bg4 7. h3 Bxf3 8. Qxf3
Nd4 9. Qd1 g6 10. Ne2 Nc6 11. c3 Bg7 12. Nf4 Bh6 13. Ne6 Qd7 14. Bxh6 fxe6 15.
Qf3 Ne5 16. Qf4 Nxc4 17. dxc4 e5 18. Qf3 Qc6 19. Bg7 Rg8 20. Bxf6 exf6 21. Qd3
O-O-O 22. Qd5 Qb6 23. O-O-O Rgf8 24. Rd2 Qc6 25. Rhd1 Qxd5 26. Rxd5 Kc7 27. b4
cxb4 28. cxb4 b6 29. Kb2 f5 30. exf5 Rxf5 31. R1d2 Rf4 32. c5 bxc5 33. bxc5 Rb8+
34. Ka2 dxc5 35. Rxc5+ Kb7 36. Rxe5 Rf7 37. Rde2 Rbf8 38. f3 Kb6 39. Kb3 Rc8 40.
Re7 Rcf8 41. R2e5 Kc6 42. Kc4 a5 43. R5e6# {Black checkmated} 1-0